AoeStats
← AZTK Blasin

Arabia

509769732Analyzed
3v3 RM · 5d ago on Sep 28, 2026· 42m 45s· 6 players
Game mode
Random Map
Map size
Normal (6 player)
Population
200
Speed
Normal
Resources
Standard
Victory
Conquest
Starting age
Dark Age
Ending age
Imperial Age
RankedLock teamsTeams togetherTeam positionsShared explorationLock speedFull tech treeHidden civsTurbo modeCheats
Victory
Defeat
🇺🇾 Saxons · Uruguay
1106
+12
🇵🇪 Persians · Peru
1087
+13
🇲🇽 Celts · Mexico
956
+20
🇦🇷 Lithuanians · Argentina
1046
-16
🇦🇷 Magyars · Argentina
1022
-15
🇦🇷 Chinese · Argentina
1001
-14
ADAM SMASHER
7:48 Loom
10:09 Feudal Age
12:29 Double-Bit Axe
25:06 Castle Age
23:54 Bloodlines
24:38 Fletching
24:54 Scale Barding Armor
25:03 Forging
25:44 Elite Skirmisher
26:30 Thumb Ring
27:52 Husbandry
28:26 Bodkin Arrow
28:32 Padded Archer Armor
DON JULIO
9:47 Loom
11:40 Feudal Age
14:31 Scale Barding Armor
15:34 Double-Bit Axe
20:16 Castle Age
19:14 Stone Mining
19:18 Gold Mining
20:27 Bloodlines
20:13 Horse Collar
21:05 Light Cavalry
21:45 Husbandry
24:05 Heavy Plow
25:47 Chain Barding Armor
27:04 Bow Saw
28:44 Treadmill Crane
30:00 Pikeman
30:56 Scale Mail Armor
33:22 Corvinian Army
PAPA FRANCISCO
0:31 Loom
9:57 Feudal Age
10:29 Horse Collar
13:02 Double-Bit Axe
21:52 Castle Age
22:00 Fletching
22:44 Crossbowman
23:35 Bodkin Arrow
23:41 Gold Mining
25:43 Pikeman
27:55 Heavy Plow
28:09 Bow Saw
28:28 Padded Archer Armor
34:42 Imperial Age
32:51 Wheelbarrow
32:56 Ballistics
36:27 Chemistry
35:57 Conscription
38:09 Arbalester
41:48 Leather Archer Armor
41:34 Bracer
Deja de llorar
7:19 Loom
9:17 Feudal Age
11:39 Town Watch
13:14 Scale Barding Armor
18:56 Horse Collar
19:56 Double-Bit Axe
24:11 Castle Age
23:11 Forging
25:57 Bloodlines
25:47 Husbandry
26:42 Gold Mining
27:05 Bow Saw
29:20 Chain Barding Armor
AZTK Blasin
0:52 Loom
2:09 Loom
12:40 Feudal Age
14:12 Wheelbarrow
13:21 Horse Collar
14:35 Double-Bit Axe
17:42 Gold Mining
20:28 Castle Age
19:27 Forging
19:47 Stone Mining
20:19 Scale Mail Armor
21:25 Hand Cart
21:23 Bow Saw
24:45 Heavy Plow
27:47 Murder Holes
28:52 Gold Shaft Mining
28:54 Town Watch
29:58 Stone Shaft Mining
30:24 Town Patrol
31:10 Iron Casting
31:35 Arson
32:30 Ballistics
32:21 Masonry
32:30 Chain Mail Armor
33:40 Gambesons
33:48 Fletching
37:58 Imperial Age
38:18 Pikeman
39:58 Conscription
40:27 Elite Woad Raider
42:25 Halberdier
42:41 Capped Ram
bandreol
6:43 Loom
8:51 Feudal Age
9:20 Man-at-Arms
10:49 Town Watch
12:52 Double-Bit Axe
19:03 Horse Collar
24:50 Castle Age
23:46 Gold Mining
24:09 Fletching
24:22 Padded Archer Armor
24:55 Crossbowman
25:34 Bodkin Arrow
26:09 Pikeman
28:11 Squires
29:44 Gambesons
31:31 Guard Tower
33:46 Arson
36:11 Ballistics
39:36 Forging
39:26 Scale Mail Armor
40:03 Bow Saw
41:14 Iron Casting
41:27 Coinage
41:07 Heavy Plow
42:04 Wheelbarrow
41:56 Chain Mail Armor
Connection lost

Rejoining the realm…

Still unreachable

The connection could not be restored.

Session expired

The server has moved on; the page needs a fresh start.